 Dungeon Crawl Stone Soup version 0.27.1 (webtiles) character file.

Game seed: 3662657998092365148

20 Descartes the Sneak (level 2, 0/12 HPs)
             Began as a Felid Wanderer on Aug 25, 2021.
             Slain by a jackal (1 damage)
             ... on level 1 of the Dungeon.
             The game lasted 00:01:23 (890 turns).

Descartes the Sneak (Felid Wanderer)                 Turns: 890, Time: 00:01:24

Health: 0/12       AC:  1    Str:  8    XL:     2   Next: 58%
Magic:  4/4        EV: 17    Int: 13    God:
Gold:   19         SH:  0    Dex: 15    Spells: 2/3 levels left
                                        Lives:  0   Deaths: 0

rFire    . . .     SeeInvis +   (weapon unavailable)
rCold    . . .     Faith    .   (shield unavailable)
rNeg     . . .     Spirit   .   (armour unavailable)
rPois    .         Reflect  .   (helmet unavailable)
rElec    .         Harm     .   (cloak unavailable)
rCorr    .         Rampage  .   (gloves unavailable)
Will     .....                  (boots unavailable)
Stlth    ++........             (no amulet)
HPRegen  0.04/turn              (no ring)
MPRegen  0.09/turn              (no ring)

@: quick
A: very small, claws 1, fangs 3, see invisible, speed 1, shaggy fur 1, stealthy
paws, no weapons or thrown items, no armour, multi-lived
a: no special abilities


You were on level 1 of the Dungeon.
You visited 1 branch of the dungeon, and saw 2 of its levels.

You collected 19 gold pieces.

Inventory:

Missiles
 e - 47 stones
Scrolls
 b - a scroll of identify {unknown}
 c - a scroll of blinking {unknown}
 f - 3 scrolls of enchant weapon {unknown}
Potions
 a - 2 potions of curing
 d - 2 potions of attraction {unknown}


   Skills:
 - Level 1.0 Fighting
 + Level 3.2 Dodging
 * Level 3.3 Stealth
 - Level 1.0 Spellcasting
 - Level 1.0 Necromancy
 - Level 3.2 Transmutations
 - Level 1.1 Evocations


You had 2 spell levels left.
You knew the following spells:

 Your Spells              Type           Power      Damage    Failure   Level
a - Magic Dart            Conj           0%         1d3       28%         1

Your spell library contained the following spells:

 Spells                   Type           Power      Damage    Failure   Level
 Blink                    Tloc           N/A        N/A       38%         2
 Call Imp                 Summ           0%         N/A       38%         2
 Slow                     Hex            0%         N/A       38%         2
 Conjure Flame            Conj/Fire      0%         6-21      63%         3
 Mephitic Cloud           Conj/Pois/Air  0%         N/A       63%         3
 Tukima's Dance           Hex            0%         N/A       63%         3
 Passage of Golubria      Tloc           N/A        N/A       95%         4
 Yara's Violent Unravell  Hex/Tmut       2%         3d3       99%         5


Dungeon Overview and Level Annotations

Branches:
Dungeon (2/15)

Altars:


Innate Abilities, Weirdness & Mutations

You have sharp claws.
You have razor-sharp teeth.
You have supernaturally acute eyesight. (SInv)
You cover ground quickly. (Speed+)
You are covered in fur. (AC +1)
Your paws help you pounce on unaware monsters.
You are incapable of wielding weapons or throwing items.
You cannot wear armour.
You gain extra lives every three experience levels.


Message History

Your bite misses the jackal. The jackal completely misses you.
The jackal barely misses you.
You scratch the jackal but do no damage.
The jackal closely misses you.
You closely miss the jackal. The jackal closely misses you.
The jackal misses you.
You scratch the jackal.
The jackal is heavily wounded.
The jackal bites you.
You barely miss the jackal.
The jackal is heavily wounded.
The jackal misses you.
You scratch the jackal.
The jackal is almost dead.
The jackal completely misses you. The jackal closely misses you.
You closely miss the jackal.
The jackal is almost dead.
The jackal barely misses you.
You closely miss the jackal.
The jackal is almost dead.
The jackal bites you but does no damage.
The jackal completely misses you.
You scratch the jackal but do no damage.
The jackal is almost dead.
The jackal closely misses you.
You barely miss the jackal.
The jackal is almost dead.
The jackal misses you.
You closely miss the jackal.
The jackal is almost dead.
The jackal misses you. The jackal bites you.
* * * LOW HITPOINT WARNING * * *
You closely miss the jackal.
The jackal is almost dead.
The jackal bites you.
* * * LOW HITPOINT WARNING * * *
You closely miss the jackal.
The jackal is almost dead.
The jackal misses you. The jackal bites you.
You die...

....#...###....#............# #
.#...........#.##.##........#
.......#.###.#.##...........##
##.....#.##..#.##............#
#.....#..##..................##
......#.###.........^.........#
.##..................########.##
.##....##............# #..##
###..#..........@h...# #...#
.....................# ##...
.......#.##..........# ##†.
.......#.##..........#### ##.
......##.##......##.....#########
......##.##......###.#.....##....
......##.##....#..##.............
...........#####.......).........
...........# #.................


You could see a jackal.

Vanquished Creatures
  A dart slug (D:1)
  A hobgoblin (D:1)
  A jackal (D:2)
  A quokka (D:1)
  5 ball pythons (D:1)
  4 bats (D:1)
  3 goblins
  A kobold (D:2)
  A rat (D:1)
18 creatures vanquished.

Notes
Turn   | Place    | Note
-------+----------+-------------------------------------------
     0 | D:1      | Descartes the Felid Wanderer began the quest for the Orb.
     0 | D:1      | Descartes set off with the following items: a potion of
                  | curing; and the following spell memorised: Magic Dart; and
                  | the following spells available to memorise: Blink, Call
                  | Imp, Slow, Conjure Flame, Mephitic Cloud
     0 | D:1      | Reached XP level 1. HP: 9/9 MP: 3/3
   453 | D:1      | Reached XP level 2. HP: 7/12 MP: 4/4
   856 | D:2      | Found a faded altar of an unknown god.
   890 | D:1      | Slain by a jackal

Illustrated notes

Levels and vault maps discovered:
D:1:      mrwooster_arrival_statue_3, layout_rooms
D:2:      layout_rooms, dreamdust_ecumenical_altar_statues, nrook_campfire

Skill      XL: |  1  2 |
---------------+-------+-----
Stealth        | 2 3 |  3.3
Dodging        | 3 |  3.2
Fighting       | |  1.0
Spellcasting   | |  1.0
Necromancy     | |  1.0
Transmutations | |  3.2
Evocations     | |  1.1

Action                   || total
-------------------------++-------
Melee: Unarmed           ||    68
       Bite              ||     4
 Stab: Sleeping          ||     7
Armor: Skin              ||     5
Dodge: Dodged            ||    67
